 Dungeon Crawl Stone Soup version 0.28-a0-793-g31680bbd8b (webtiles) character file.

Game seed: 5905156786470883312

75453 jasper the Brawler (level 15, -9/127 HPs)
             Began as a Demonspawn Cinder Acolyte on Nov 4, 2021.
             Was a High Priest of Okawaru.
             Mangled by a death yak (17 damage)
             ... on level 6 of the Lair of Beasts.
             The game lasted 00:35:54 (23958 turns).

jasper the Brawler (Demonspawn Cinder Acolyte)     Turns: 23958, Time: 00:35:55

Health: -9/127     AC: 30    Str: 22    XL:     15   Next: 9%
Magic:  0/17       EV: 11    Int: 28    God:    Okawaru [*****.]
Gold:   2277       SH:  7    Dex:  8    Spells: 6/16 levels left

rFire   + . .      SeeInvis .     - Unarmed
rCold   + + +      Faith    .   b - +1 buckler
rNeg    . . .      Spirit   +   e - +6 ice dragon scales
rPois   .          Reflect  .   k - +2 helmet {Int+3}
rElec   .          Harm     .   C - +2 cloak "Pecs" {rF+ Stlth+}
rCorr   +          Rampage  .   l - +0 pair of gloves
Will    ++...                   n - +0 pair of boots of Whack-A-Mole {rF+ Will+ rCorr Stlth+}
Stlth   +++.......              v - amulet of Day {Acrobat Fly rC+}
HPRegen 0.31/turn               P - ring "Wepyj" {Int+4 Slay+4}
MPRegen 0.30/turn               q - +6 ring of strength

@: heroic, flying
A: spiny 3, magic shield, magic regeneration, magic link, demonic touch 2
a: Renounce Religion, Heroism, Finesse, Duel


You were on level 6 of the Lair of Beasts.
You worshipped Okawaru.
Okawaru was extremely pleased with you.
You visited 5 branches of the dungeon, and saw 22 of its levels.
You also visited: Gauntlet and Volcano.

You collected 2699 gold pieces.
You spent 422 gold pieces at shops.

Inventory:

Missiles
 h - 488 stones (quivered)
 j - 50 poisoned darts
 z - 6 curare-tipped darts
 L - 4 atropa-tipped darts
Armour
 a - a +3 scale mail of poison resistance
 b - a +1 buckler (worn)
 e - +6 ice dragon scales (worn)
 k - a +2 helmet of intelligence (worn)
 l - a +0 pair of gloves (worn)
 n - the +0 pair of boots of Whack-A-Mole (worn) {rF+ Will+ rCorr Stlth+}
   (Okawaru gifted it to you on level 1 of the Orcish Mines)

   rF:        It protects you from fire.
   rCorr:     It protects you from acid and corrosion.
   Will:      It increases your willpower.
   Stlth:     It makes you more stealthy.
 x - a +1 hat of see invisible
 B - the +15 Maxwell's patent armour {-Cast -Tele rElec Will+ rCorr}
   (You found it on level 7 of the Dungeon)

   rElec:     It insulates you from electricity.
   -Cast:     It prevents spellcasting.
   -Tele:     It prevents most forms of teleportation.
   rCorr:     It protects you from acid and corrosion.
   Will:      It increases your willpower.
 C - the +2 cloak "Pecs" (worn) {rF+ Stlth+}
   (You found it in a Gauntlet)

   rF:        It protects you from fire.
   Stlth:     It makes you more stealthy.
 E - +0 acid dragon scales
 X - a +3 troll leather armour {Snorg}
Jewellery
 i - a ring of poison resistance
 m - a ring of resist corrosion
 p - a ring of positive energy
 q - a +6 ring of strength (right hand)
 s - a ring of willpower
 v - the amulet of Day (around neck) {Acrobat Fly rC+}
   (You found it on level 8 of the Dungeon)

   [amulet of the acrobat]

   It increases your evasion while moving and waiting.
   rC:        It protects you from cold.
   Fly:       It grants you flight.
 N - a ring of ice
 O - a ring of fire
 P - the ring "Wepyj" (left hand) {Int+4 Slay+4}
   (You found it on level 10 of the Dungeon)

   [ring of slaying]

   Int:       It affects your intelligence (+4).
   Slay:      It affects your accuracy & damage with ranged weapons and melee
   (+4).
 R - a ring of fire
Wands
 c - a wand of polymorph (9)
 w - a wand of charming (20)
 S - a wand of mindburst (11)
 T - a wand of flame (25)
 U - a wand of paralysis (12)
Scrolls
 o - 10 scrolls of teleportation
 y - 2 scrolls of fear
 D - 5 scrolls of amnesia
 G - a scroll of holy word
 I - a scroll of silence
 J - 3 scrolls of blinking
 K - a scroll of brand weapon
 M - a scroll of enchant weapon
 V - 4 scrolls of identify
Potions
 d - a potion of cancellation
 f - 2 potions of haste
 g - 3 potions of attraction
 r - 4 potions of lignification
 u - 3 potions of heal wounds
 A - 4 potions of brilliance
 F - 3 potions of magic
 H - 4 potions of flight
 Y - a potion of mutation
 Z - a potion of berserk rage
Miscellaneous
 Q - a tin of tremorstones (inert)


   Skills:
 + Level 14.8(19.8) Fighting
 + Level 7.9(12.9) Armour
 - Level 7.7(12.7) Shields
 * Level 15.8(20.8) Unarmed Combat
 - Level 1.0 Spellcasting
 - Level 3.6 Translocations
 - Level 5.9 Transmutations
 - Level 2.6 Fire Magic
 - Level 2.7 Earth Magic
 - Level 3.4 Invocations
 - Level 5.1 Evocations


You had 6 spell levels left.
You knew the following spells:

 Your Spells              Type           Power      Damage    Failure   Level
a - Apportation           Tloc           42%        N/A       5%          1
b - Passwall              Tmut/Erth      20%        N/A       6%          2
c - Wereblood             Tmut           34%        N/A       3%          2
d - Silence               Hex/Air        0%         N/A       100%        5

Your spell library contained the following spells:

 Spells                   Type           Power      Damage    Failure   Level
 Beastly Appendage        Tmut           68%        N/A       2%          1
 Sandblast                Erth           32%        2d9       9%          1
 Scorch                   Fire           32%        2d7       12%         2
 Spider Form              Tmut/Pois      17%        N/A       22%         3
 Magic Dart               Conj           4%         1d3       24%         1
 Slow                     Hex            4%         N/A       24%         1
 Inner Flame              Hex/Fire       8%         N/A       38%         3
 Stone Arrow              Conj/Erth      18%        3d8       38%         3
 Confusing Touch          Hex            1%         N/A       58%         3
 Dazzling Flash           Conj/Hex       2%         N/A       58%         3
 Iskenderun's Mystic Bla  Conj/Tloc      11%        2d4       75%         4
 Leda's Liquefaction      Hex/Erth       4%         N/A       80%         4
 Lee's Rapid Deconstruct  Erth           8%         3d8*      92%         5
 Cause Fear               Hex            0%         N/A       94%         4
 Fulminant Prism          Conj/Hex       0%         3d6       94%         4
 Agony                    Necr           1%         N/A       100%        5
 Dragon Form              Tmut           17%        N/A       100%        7
 Animate Skeleton         Necr           Unusable   N/A       N/A         1
 Summon Small Mammal      Summ           Unusable   N/A       N/A         1
 Dragon's Call            Summ           Unusable   N/A       N/A         9

Dungeon Overview and Level Annotations

Branches:
Dungeon (12/15)            Temple (1/1) D:6            Lair (6/6) D:11
  Swamp (0/4) Lair:4       Spider (1/4) Lair:4          Orc (2/2) D:11
    Elf (0/3) Orc:2       Volcano (visited)         Gauntlet (visited)
  Slime: Lair:5-6

Altars:
Ashenzari
Cheibriados
Dithmenos
Fedhas
Gozag
Hepliaklqana
Kikubaaqudgha
Makhleb
Nemelex Xobeh
Okawaru
Ru
Sif Muna
Trog
Uskayaw
Vehumet
Wu Jian
Xom
Yredelemnul
Zin
The Shining One
Beogh

Shops:
D:11 *   Orc:2 *=[*

Annotations:
D:11 3 runed translucent doors, axecop's ghost, journeyman DsAK
Lair:2 exclusion: oklob plant
Lair:4 2 transporters, siradein's ghost, journeyman DsBe
Lair:6 2 runed translucent doors


Innate Abilities, Weirdness & Mutations

You are completely covered in sharp spines.
When hurt, damage is shared between your health and your magic reserves.
You regenerate magic rapidly.
When low on magic, you restore magic in place of health.
Your touch may inflict irresistible damage on your foes.


Message History

You punch the death yak!
The death yak is severely wounded.
The death yak gores you!! The death yak is struck by your spines.
The death yak barely misses you.
You take 15 damage, and have 43/127 hp.
You now have 8/17 mp.
You hit the death yak.
The death yak is almost dead.
The death yak is no longer petrified.
The death yak is struck by your spines.
The death yak gores you but does no damage.
You punch the death yak!
The death yak is almost dead.
The death yak is struck by your spines. The death yak closely misses you.
You hit the death yak.
You kill the death yak!
Okawaru accepts your kill. The death yak gores you!!
* * * LOW HITPOINT WARNING * * *
You take 14 damage, and have 29/127 hp.
You now have 5/17 mp.
The helpless death yak fails to defend itself.
You pummel the death yak!!
The death yak is almost dead.
The death yak gores you!
* * * LOW HITPOINT WARNING * * *
The death yak gores you but does no damage.
You take 10 damage, and have 19/127 hp.
You now have 3/17 mp.
You gain the combat prowess of a mighty hero.
The death yak gores you but does no damage. x2
You now have 2/17 mp.
You don't have enough magic at the moment.
The helpless death yak fails to defend itself.
You punch the death yak!
The death yak is almost dead.
The helpless death yak fails to defend itself.
You beat the death yak into a bloody pulp!!!
You kill the death yak!
Okawaru accepts your kill. The death yak is struck by your spines.
The death yak gores you!
* * * LOW HITPOINT WARNING * * *
The death yak gores you!!
You die...

...................#
#≈..
..................##
#...#
..................#
...###
..................#
.... #
..................#
... .≈
##....#...........# ..
..≈
##....#...........#
..≈
#....##........Y..##
#.....#§§......†@..#
##...###.......Y...#
#.....##...........#
.#...###............#
##.####..............#
.######..............#
#...P#...............#
......................
......................


You could see 2 death yaks.

Vanquished Creatures
  Frances (D:11)
  Kirke (Lair:4)
  An orc warlord (Orc:2)
  A red draconian (Volcano)
  A minotaur (Gauntlet)
  Snorg (D:11)
  An ettin (Orc:1)
  Josephine (Lair:4)
  Fannar (Lair:2)
  6 hydras
  2 boulder beetles
  An ice dragon (Lair:5)
  2 catoblepae
  A centaur warrior (Volcano)
  A two-headed ogre (D:12)
  2 death yaks (Lair:6)
  Sonja (D:11)
  A fire crab (Gauntlet)
  2 lindwurms (Lair:6)
  3 bog bodies (Lair:4)
  An orc knight (Orc:2)
  An oklob plant (Lair:1)
  3 wolf spiders (Lair:4)
  An orc sorcerer (Orc:2)
  10 elephants
  An ugly thing (D:12)
  Joseph (D:7)
  7 black mambas
  13 cane toads
  2 gargoyles
  A minotaur zombie (Gauntlet)
  7 rime drakes
  12 komodo dragons
  2 yaktaurs (Volcano)
  Psyche (D:10)
  Maggie (D:7)
  4 trolls
  A jumping spider (Lair:4)
  6 polar bears
  4 slime creatures
  A hornet (D:9)
  24 blink frogs
  Prince Ribbit (D:7)
  3 flying skulls (Gauntlet)
  Sigmund (D:3)
  A redback (Lair:4)
  7 wraiths
  A vampire (D:12)
  46 yaks
  2 hogs (Lair:4)
  10 fire bats
  12 fire elementals
  A human (Lair:4)
  14 wyverns
  9 basilisks
  2 steam dragons
  A swamp worm (Lair:4)
  Menkaure (D:5)
  2 wargs (Orc:2)
  Edmund (D:5)
  An acid dragon (D:10)
  8 hell hounds
  15 water moccasins
  33 orc warriors
  2 sky beasts (D:6)
  A black bear (D:6)
  3 ice beasts (D:6)
  24 wolves
  6 ogres
  15 centaurs
  A phantom (D:4)
  15 bullfrogs
  2 kobold brigands
  3 scorpions (D:11)
  A wyvern zombie (D:8)
  3 water moccasin zombies
  A water moccasin skeleton (D:7)
  9 wights
  9 killer bees
  2 electric eels
  3 howler monkeys (D:8)
  A bullfrog zombie (D:6)
  3 centaur zombies
  7 lava snakes
  A centaur skeleton (D:5)
  3 hounds
  17 orc priests
  7 jellies
  2 gnoll shamans
  2 iguanas
  Ijyb (D:5)
  Natasha (thrice) (D:2)
  4 hell rats (Lair:4)
  24 orc wizards
  A killer bee zombie (D:9)
  3 howler monkey zombies
  14 gnolls
  10 adders
  2 shadow imps
  4 white imps
  2 worms
  A dart slug (D:4)
  47 orcs
  6 bats
  20 endoplasms
  5 giant cockroaches
  6 goblins
  5 hobgoblins
  3 jackals (D:3)
  6 quokkas
  5 ball pythons
  2 frilled lizards (D:2)
  14 kobolds
  9 rats
647 creatures vanquished.

Vanquished Creatures (others)
  A bush (Lair:6)
  142 foxfires
  46 fungi
  35 plants
  26 withered plants (Gauntlet)
250 creatures vanquished.

Grand Total: 897 creatures vanquished

Notes
Turn   | Place    | Note
-------+----------+-------------------------------------------
     0 | D:1      | jasper the Demonspawn Cinder Acolyte began the quest for
                  | the Orb.
     0 | D:1      | Reached XP level 1. HP: 18/18 MP: 2/2
   147 | D:1      | Reached skill level 1 in Shields
   147 | D:1      | Reached skill level 3 in Unarmed Combat
   147 | D:1      | Gained mutation: You regenerate magic rapidly. [demonic
                  | ancestry]
   147 | D:1      | Reached XP level 2. HP: 24/24 MP: 3/3
   701 | D:1      | Reached XP level 3. HP: 26/29 MP: 4/4
  1059 | D:2      | Noticed Natasha
  1068 | D:2      | Killed Natasha
  1241 | D:2      | Noticed Natasha
  1246 | D:2      | Killed Natasha
  1247 | D:2      | Gained mutation: When hurt, damage is shared between your
                  | health and your magic reserves. [demonic ancestry]
  1247 | D:2      | Reached XP level 4. HP: 23/35 MP: 5/5
  1466 | D:2      | Noticed Natasha
  1486 | D:2      | Killed Natasha
  1735 | D:2      | Gained mutation: You are partially covered in sharp spines.
                  | [demonic ancestry]
  1735 | D:2      | Reached XP level 5. HP: 41/41 MP: 6/6
  2636 | D:3      | Noticed Sigmund
  2645 | D:3      | Killed Sigmund
  2646 | D:3      | Reached skill level 5 in Unarmed Combat
  2646 | D:3      | Reached XP level 6. HP: 47/47 MP: 7/7
  3175 | D:4      | Noticed a steam dragon
  3201 | D:4      | Killed a steam dragon
  3202 | D:4      | Reached skill level 6 in Unarmed Combat
  3202 | D:4      | Reached XP level 7. HP: 43/52 MP: 8/8
  3526 | D:4      | Found an ancient bone altar of Kikubaaqudgha.
  3795 | D:5      | Entered Level 5 of the Dungeon
  3839 | D:5      | Noticed Edmund
  3847 | D:5      | Killed Edmund
  3848 | D:5      | Reached skill level 7 in Unarmed Combat
  4077 | D:5      | Gained mutation: You are mostly covered in sharp spines.
                  | [demonic ancestry]
  4077 | D:5      | Reached XP level 8. HP: 54/58 MP: 9/9
  4115 | D:5      | Noticed Ijyb
  4123 | D:5      | Killed Ijyb
  4124 | D:5      | Reached skill level 8 in Unarmed Combat
  4320 | D:5      | Noticed Menkaure
  4327 | D:5      | Found an ornate altar of the Wu Jian Council.
  4336 | D:5      | Killed Menkaure
  4664 | D:5      | Reached skill level 9 in Unarmed Combat
  4773 | D:5      | Found a broken altar of Ashenzari.
  4774 | D:5      | Found a shadowy altar of Dithmenos.
  4830 | D:5      | Found a shimmering altar of Xom.
  5027 | D:6      | Found a shimmering blue altar of Sif Muna.
  5384 | D:6      | Reached skill level 10 in Unarmed Combat
  5424 | D:6      | Gained mutation: You are completely covered in sharp
                  | spines. [demonic ancestry]
  5424 | D:6      | Reached XP level 9. HP: 51/65 MP: 10/10
  5605 | D:6      | Found a hide-covered altar of Uskayaw.
  5631 | D:6      | Found a hazy altar of Hepliaklqana.
  5680 | D:6      | Found a staircase to the Ecumenical Temple.
  5700 | D:6      | Reached skill level 5 in Fighting
  6076 | D:7      | Found the +15 Maxwell's patent armour {-Cast -Tele rElec
                  | Will+ rCorr}
  6400 | D:7      | Noticed Prince Ribbit
  6407 | D:7      | Killed Prince Ribbit
  6952 | D:7      | Noticed Joseph
  6971 | D:7      | Killed Joseph
  7093 | D:7      | Noticed Maggie
  7121 | D:7      | Killed Maggie
  7559 | D:7      | Gained mutation: When low on magic, you restore magic in
                  | place of health. [demonic ancestry]
  7559 | D:7      | Reached XP level 10. HP: 57/83 MP: 6/11
  7694 | D:8      | Reached skill level 10 in Fighting
  7727 | D:8      | Found a burning altar of Makhleb.
  7728 | D:8      | Noticed a cacodemon
  7776 | D:8      | Reached skill level 1 in Evocations
  8169 | D:8      | Reached skill level 5 in Evocations
  8333 | D:8      | Identified the amulet of Day {Acrobat Fly rC+}
  8395 | D:8      | Found a radiant altar of Vehumet.
  9114 | D:10     | Entered Level 10 of the Dungeon
  9225 | D:10     | Found a blossoming altar of Fedhas.
  9314 | D:10     | Noticed Psyche
  9320 | D:10     | Killed Psyche
  9321 | D:10     | Reached skill level 5 in Shields
  9455 | D:10     | Identified the ring "Wepyj" {Int+4 Slay+4}
  9477 | D:10     | Reached XP level 11. HP: 90/92 MP: 12/12
  9636 | D:10     | Found a sparkling altar of Nemelex Xobeh.
  9864 | D:11     | Found a staircase to the Orcish Mines.
 10011 | D:11     | Noticed Sonja
 10024 | D:11     | Found Kuocipen's Elemental Accessories.
 10042 | D:11     | Killed Sonja
 10125 | D:11     | Bought a wand of iceblast (8) for 144 gold pieces
 10125 | D:11     | Bought a wand of flame (26) for 168 gold pieces
 10308 | D:11     | Reached skill level 11 in Unarmed Combat
 10588 | D:11     | Found a staircase to the Lair.
 10682 | D:11     | Found a runed translucent gate.
 10682 | D:11     | Noticed axecop's ghost (journeyman DsAK)
 10683 | D:11     | Found a runed translucent gate.
 10684 | D:11     | Found a runed translucent gate.
 10825 | D:11     | Noticed Snorg
 10834 | D:11     | Killed Snorg
 10956 | D:12     | Noticed Frances
 10973 | D:11     | Killed Frances
 11203 | D:12     | Noticed a two-headed ogre
 11212 | D:12     | Killed a two-headed ogre
 11315 | D:12     | Noticed a white ugly thing
 11316 | D:12     | Noticed a boulder beetle
 11317 | D:12     | Noticed a six-headed hydra
 11334 | D:12     | Killed a white ugly thing
 11341 | D:12     | Killed a boulder beetle
 11461 | D:12     | Noticed a death knight
 11517 | Lair:1   | Entered Level 1 of the Lair of Beasts
 11517 | Lair:1   | Noticed an oklob plant
 11816 | Lair:1   | Killed an oklob plant
 12095 | Lair:1   | Gained mutation: Your touch may inflict minor irresistible
                  | damage on your foes. [demonic ancestry]
 12095 | Lair:1   | Reached XP level 12. HP: 92/102 MP: 13/13
 12246 | Lair:1   | Reached skill level 12 in Unarmed Combat
 12251 | Lair:1   | Reached skill level 1 in Armour
 12398 | Temple   | Entered the Ecumenical Temple
 12514 | Temple   | Fell from the grace of Ignis
 12514 | Temple   | Became a worshipper of Warmaster Okawaru
 13210 | Lair:1   | Reached * piety under Okawaru
 13267 | Lair:1   | Noticed an eight-headed hydra
 13276 | Lair:1   | Killed an eight-headed hydra
 13394 | Lair:1   | Reached skill level 1 in Invocations
 13660 | Lair:1   | You are sucked into a shaft and drop 1 floor!
 13670 | Lair:2   | Identified a scroll of acquirement
 13671 | Lair:2   | Acquired 663 gold pieces
 13684 | Lair:2   | Reached ** piety under Okawaru
 13712 | Lair:2   | Found a gate leading to a gauntlet.
 13721 | Gauntlet | Entered a Gauntlet
 13721 | Gauntlet | Found a transporter.
 13722 | Gauntlet | Found a large runed translucent door.
 13723 | Gauntlet | Found a large runed translucent door.
 13724 | Gauntlet | Found a large runed translucent door.
 13724 | Gauntlet | Found a large runed translucent door.
 13724 | Gauntlet | Found a runed translucent door.
 13725 | Gauntlet | Found a large runed translucent door.
 13726 | Gauntlet | Found a large runed translucent door.
 13727 | Gauntlet | Found a large runed translucent door.
 13727 | Gauntlet | Found a large runed translucent door.
 13728 | Gauntlet | Found a runed translucent gate.
 13728 | Gauntlet | Found a runed translucent gate.
 13730 | Gauntlet | Found a transporter.
 13736 | Gauntlet | Found a runed translucent gate.
 13736 | Gauntlet | Found a runed translucent door.
 13739 | Gauntlet | Found a large runed translucent door.
 13739 | Gauntlet | Found a large runed translucent door.
 13740 | Gauntlet | Found a large runed translucent door.
 13741 | Gauntlet | Found a large runed translucent door.
 13745 | Gauntlet | Found a transporter.
 13747 | Gauntlet | Noticed a hell hog
 13750 | Gauntlet | Found a transporter.
 13766 | Gauntlet | Found a transporter.
 13785 | Gauntlet | Found a transporter.
 13794 | Gauntlet | Found a transporter.
 13809 | Gauntlet | Found a transporter.
 13816 | Gauntlet | Noticed a great orb of eyes
 13821 | Gauntlet | Found a transporter.
 13827 | Gauntlet | Found a transporter.
 13827 | Gauntlet | Found a transporter.
 13842 | Gauntlet | Found a transporter.
 13861 | Gauntlet | Found a transporter.
 13878 | Gauntlet | Found a transporter.
 13991 | Gauntlet | Found a transporter.
 13993 | Gauntlet | Found a transporter.
 14009 | Gauntlet | Found a large runed translucent door.
 14009 | Gauntlet | Found a large runed translucent door.
 14010 | Gauntlet | Found a large runed translucent door.
 14011 | Gauntlet | Found a large runed translucent door.
 14013 | Gauntlet | Found a transporter.
 14091 | Gauntlet | Found a transporter.
 14360 | Gauntlet | Got the Compendium of Hexes
 14725 | Gauntlet | Identified the +2 cloak "Pecs" {rF+ Stlth+}
 14777 | Gauntlet | Noticed a minotaur
 14788 | Gauntlet | Killed a minotaur
 14798 | Gauntlet | Reached *** piety under Okawaru
 15126 | Lair:2   | Noticed Fannar
 15128 | Lair:2   | You are sucked into a shaft and drop 1 floor!
 15139 | Lair:3   | Reached skill level 13 in Unarmed Combat
 15398 | Lair:3   | Gained mutation: Your touch may inflict irresistible damage
                  | on your foes. [demonic ancestry]
 15398 | Lair:3   | Reached XP level 13. HP: 98/111 MP: 13/15
 15497 | Lair:3   | Reached **** piety under Okawaru
 16034 | Lair:2   | You are sucked into a shaft and drop 1 floor!
 16247 | Lair:2   | You are sucked into a shaft and drop 2 floors!
 16278 | Lair:4   | Reached skill level 5 in Armour
 16301 | Lair:4   | Reached ***** piety under Okawaru
 16338 | Lair:4   | Found a dark tunnel.
 16512 | Volcano  | Entered a volcano
 16542 | Volcano  | Reached skill level 14 in Unarmed Combat
 16819 | Volcano  | Noticed a red draconian
 16933 | Volcano  | Killed a red draconian
 16933 | Volcano  | Received a gift from Okawaru
 17186 | Volcano  | Found a bloodstained altar of Trog.
 17248 | Volcano  | Found a radiant altar of Vehumet.
 17342 | Lair:4   | Was forgiven by Ignis
 17819 | Lair:4   | Found a hole to the Spider Nest.
 17876 | Lair:4   | Found a staircase to the Swamp.
 17884 | Lair:4   | Learned a level 1 spell: Apportation
 17887 | Lair:4   | Learned a level 2 spell: Passwall
 17958 | Lair:4   | Noticed Kirke
 17968 | Lair:4   | Killed Kirke
 17972 | Lair:4   | Noticed Josephine
 17983 | Lair:4   | Killed Josephine
 18179 | Lair:4   | Noticed siradein's ghost (journeyman DsBe)
 18183 | Lair:4   | Found a transporter.
 18315 | Lair:4   | Found a transporter.
 18763 | Lair:3   | Reached XP level 14. HP: 97/120 MP: 12/16
 19106 | Lair:3   | Reached skill level 15 in Unarmed Combat
 19477 | Spider:1 | Entered Level 1 of the Spider Nest
 19751 | Lair:5   | Identified the +6 whip "Ipasch" {freeze, Int+3}
 19923 | Lair:5   | Received a gift from Okawaru
 20427 | Lair:5   | Learned a level 2 spell: Wereblood
 20433 | Lair:5   | Learned a level 5 spell: Silence
 20544 | Lair:5   | Identified the +0 cloak "Beih" {Int+4 Dex+4}
 20677 | Lair:6   | Entered Level 6 of the Lair of Beasts
 20693 | Lair:6   | Reached skill level 1 in Translocations
 20693 | Lair:6   | Reached skill level 1 in Transmutations
 21372 | Lair:6   | Reached skill level 5 in Transmutations
 21408 | Lair:6   | Found a large runed translucent door.
 21408 | Lair:6   | Found a large runed translucent door.
 21531 | Lair:2   | Killed Fannar
 22125 | Orc:1    | Entered Level 1 of the Orcish Mines
 22215 | Orc:1    | Found a bloodstained altar of Trog.
 22328 | Orc:1    | Identified the +0 pair of boots of Whack-A-Mole {rF+ Will+
                  | rCorr Stlth+} (Okawaru gifted it to you on level 1 of the
                  | Orcish Mines)
 22328 | Orc:1    | Received a gift from Okawaru
 22329 | Orc:1    | Reached skill level 1 in Earth Magic
 22752 | Orc:2    | Entered Level 2 of the Orcish Mines
 23024 | Orc:2    | Noticed an orc warlord
 23039 | Orc:2    | Killed an orc warlord
 23051 | Orc:2    | Reached XP level 15. HP: 127/127 MP: 12/17
 23074 | Orc:2    | Found Pygaa's Antique Armour Shop.
 23074 | Orc:2    | Found Oxkut's Jewellery Emporium.
 23076 | Orc:2    | Found Hettom's General Store.
 23078 | Orc:2    | Found Nobu's General Store.
 23083 | Orc:2    | Bought a potion of haste for 110 gold pieces
 23322 | Orc:2    | Found a staircase to the Elven Halls.
 23645 | Orc:1    | Found a shimmering blue altar of Sif Muna.
 23661 | Orc:1    | Got Sif Muna's Almanac of Attacks
 23958 | Lair:6   | Mangled by a death yak

Illustrated notes

Levels and vault maps discovered:
D:1:      lightli_molten_gateway, layout_rooms
D:2:      layout_rooms, serial_bayou_pond_b, uniq_natasha
D:3:      layout_basic, kennysheep_generic_room_4, uniq_sigmund,
          uniq_crazy_yiuf_cottage
D:4:      minmay_wonky_spiral, layout_gridville, kiku_gazebo_garden_becter,
          minmay_misc_feat_enclosed
D:5:      layout_loops_ring, lemuel_coloured_pillars_altar,
          nicolae_wu_jian_wuxing_cycle, mainiacjoe_overflow_divided_tiny,
          uniq_edmund, uniq_ijyb, uniq_menkaure
D:6:      layout_basic, kennysheep_little_box,
          mainiacjoe_overflow_concentric_impassable, nzn_hepliaklqana_mist_gate,
          lemuel_tele_altar, minmay_temple_entry_crystal_x
D:7:      layout_cave_pods, uniq_maggie, uniq_prince_ribbit1, uniq_joseph
D:8:      layout_loops_cross, makhleb_altar_promises_db,
          mainiacjoe_overflow_brackets
D:9:      layout_rooms
D:10:     layout_basic, fedhas_altar_4, mainiacjoe_overflow_24_doors,
          uniq_psyche
D:11:     layout_loops_ring, grunt_lair_entry_orc_guard_hut,
          minmay_orc_entry_temple_small, gammafunk_ghost_spectres,
          nicolae_elemental_shop, uniq_snorg, uniq_sonja
D:12:     minmay_connected_boxes_in_corner, layout_loops_ring,
          kennysheep_big_empty_room, uniq_gastronok, uniq_frances
Temple:   compressed_dpeg_triangle_lava_temple
Lair:1:   layout_loops_ring, minivault_23, dpeg_stationary_puzzle
Lair:2:   lemuel_slime, layout_regular_city, gauntlet_entry_generic,
          portal_ice_cave_entry_pillars_2, chequers_serial_rivers_micro_b,
          uniq_fannar
Lair:3:   layout_cave_pods, grunt_megastairs_5
Lair:4:   layout_roguey [special_room_mythical_zoo],
          nicolae_swamp_entry_splash_gauntlet, spider_nest_entry_funnel_web,
          gammafunk_ghost_arena, enter_volcano_1, lemuel_another_geyser,
          uniq_josephine, uniq_kirke
Lair:5:   layout_concentric_octagons, chequers_serial_rivers_micro_c,
          bobbens_ice_dragon_lair, infiniplex_staircase_pool
Lair:6:   cheibrodos_lair_end_hotspot, layout_regular_city, slime_dummy
Spider:1: nicolae_spider_hilbert_zone_1 [nicolae_spider_hilbert_4_sides_1_open,
          nicolae_spider_hilbert_4_sides_1_open,
          nicolae_spider_hilbert_4_sides_1_open,
          nicolae_spider_hilbert_4_sides_1_open,
          nicolae_spider_hilbert_3_sides_1_open,
          nicolae_spider_hilbert_3_sides_1_open,
          nicolae_spider_hilbert_3_sides_1_open,
          nicolae_spider_hilbert_3_sides_1_open,
          nicolae_spider_hilbert_3_sides_1_open,
          nicolae_spider_hilbert_6_sides_1_open,
          nicolae_spider_hilbert_6_sides_1_open,
          nicolae_spider_hilbert_3_sides_1_open,
          nicolae_spider_hilbert_3_sides_1_open,
          nicolae_spider_hilbert_3_sides_1_open,
          nicolae_spider_hilbert_3_sides_1_open,
          nicolae_spider_hilbert_2_sides_1_open], uniq_agnes
Orc:1:    layout_caves, basic_altar, led_sif_book
Orc:2:    st_orc_rangers, layout_caves

Skill      XL: |  1  2  3  4  5  6  7  8  9 10 11 12 13 14 |
---------------+-------------------------------------------+-----
Shields        | 1 2 3 4 5 7 |  7.7
Unarmed Combat | 3 5 6 7 10 11 13 14 15 | 15.8
Fighting       | 9 10 12 13 14 | 14.8
Evocations     | 5 |  5.1
Armour         | 4 6 7 |  7.9
Invocations    | 3 |  3.4
Translocations | 3 |  3.6
Transmutations | 5 |  5.9
Earth Magic    | 2 |  2.7
Spellcasting   | |  1.0
Fire Magic     | |  2.6

Action                   |  1- 3 |  4- 6 |  7- 9 | 10-12 | 13-15 || total
-------------------------+-------+-------+-------+-------+-------++-------
Melee: Unarmed           |   109 |   125 |   316 |   554 |   810 ||  1914
Throw: Stone             |       |    28 |     9 |     3 |       ||    40
 Cast: Wereblood         |       |       |       |       |    12 ||    12
Invok: Foxfire Swarm     |     3 |     5 |     3 |       |       ||    11
       Heroism           |       |       |       |     4 |    11 ||    15
       Finesse           |       |       |       |       |     2 ||     2
Evoke: Wand              |       |       |     5 |    19 |    12 ||    36
       Tin of tremorston |       |       |       |       |     4 ||     4
  Use: Scroll            |     3 |     4 |     9 |    12 |     7 ||    35
       Potion            |       |       |     2 |     2 |     1 ||     5
 Stab: Paralysed         |       |       |       |     4 |       ||     4
       Distracted        |       |       |       |       |     1 ||     1
       Petrified         |       |       |       |       |     6 ||     6
Armor: Robe              |    10 |       |       |       |       ||    10
       Ring mail         |    30 |    14 |       |       |       ||    44
       Scale mail        |       |    40 |    61 |       |       ||   101
       Plate armour      |       |       |    81 |   290 |   244 ||   615
       Ice dragon scales |       |       |       |       |   214 ||   214
Dodge: Dodged            |    55 |    48 |    85 |   156 |   362 ||   706
Block: Buckler           |    14 |    25 |    58 |   104 |   242 ||   443

Table legend: (Time is in decaauts)
 A = Elapsed time spent in this place.
 B = Non-inter-level travel time spent in this place.
 C = Inter-level travel time spent in this place.
 D = Time resting spent in this place.
 E = Time spent auto-exploring this place.
 F = Levels seen in this place.
 G = Mean time per level.
                   A        B        C        D        E       F      G
               +--------+--------+--------+--------+--------+-----+--------+
         Total |  23547 |  22276 |   1271 |   4758 |  12968 |  24 |  981.1 |
       Dungeon |  12228 |  11592 |    636 |   1943 |   7452 |  12 | 1019.0 |
        Temple |    123 |     77 |     46 |      0 |     76 |   1 |  123.0 |
          Lair |   7528 |   7063 |    465 |   1561 |   3992 |   6 | 1254.7 |
   Spider Nest |      1 |      1 |      0 |      0 |      0 |   1 |    1.0 |
  Orcish Mines |   1566 |   1444 |    122 |     65 |   1050 |   2 |  783.0 |
       Volcano |    735 |    735 |      0 |    463 |    127 |   1 |  735.0 |
      Gauntlet |   1363 |   1363 |      0 |    725 |    271 |   1 | 1363.0 |
               +--------+--------+--------+--------+--------+-----+--------+

Top non-repeatable levels by time:
    D:11: 2007 daAuts
  Lair:4: 1675 daAuts
     D:7: 1592 daAuts
  Lair:3: 1488 daAuts
  Lair:1: 1435 daAuts
Gauntlet: 1363 daAuts
     D:2: 1285 daAuts
     D:5: 1207 daAuts
  Lair:5: 1167 daAuts
     D:6: 1069 daAuts
     D:1: 1036 daAuts
     D:4: 966 daAuts
  Lair:2: 951 daAuts
     D:8: 916 daAuts
  Lair:6: 809 daAuts
